 Dungeon Crawl Stone Soup version 0.23.2-1-ga50397a6bc (webtiles) character file.

Game seed: 1913994320139905744

427 Peloso the Slasher (level 6, -3/53 HPs)
             Began as a Minotaur Fighter on Apr 14, 2019.
             Slain by Duvessa
             ... wielding a +0 rapier
              (14 damage)
             ... on level 4 of the Dungeon.
             The game lasted 00:05:44 (1995 turns).

Peloso the Slasher (Minotaur Fighter)               Turns: 1995, Time: 00:05:44

Health: -3/53      AC:  7    Str: 26    XL:     6   Next: 65%
Magic:  5/5        EV:  8    Int:  5    God:
Gold:   85         SH: 10    Dex: 11    Spells: 5/5 levels left

rFire    . . .     SeeInvis .   a - +0 long sword
rCold    . . .     Gourm    .   c - +0 shield
rNeg     . . .     Faith    .   b - +0 scale mail
rPois    .         Spirit   .   (helmet restricted)
rElec    .         Reflect  .   (no cloak)
rCorr    .         Harm     .   (no gloves)
MR       .....                  (no boots)
Stlth    ..........             (no amulet)
HPRegen  0.17/turn              (no ring)
MPRegen  0.09/turn              (no ring)

@: mighty
A: retaliatory headbutt, horns 2
a: no special abilities


You were on level 4 of the Dungeon.
You were near starving.

You visited 1 branch of the dungeon, and saw 4 of its levels.

You collected 217 gold pieces.
You spent 132 gold pieces at shops.

Inventory:

Hand Weapons
 a - a +0 long sword (weapon)
Armour
 b - a +0 scale mail (worn)
 c - a +0 shield (worn)
Scrolls
 g - 2 scrolls of remove curse {unknown}
 h - a scroll of enchant weapon {unknown}
 i - 2 scrolls of blinking {unknown}
 j - 3 scrolls of identify {unknown}
 l - a scroll of fear {unknown}
 m - 2 scrolls of teleportation {unknown}
 n - a scroll of noise {unknown}
 p - a scroll of amnesia {unknown}
Potions
 e - 3 potions of curing
 k - a potion of haste
 o - a potion of heal wounds {unknown}
 q - a potion of mutation
Comestibles
 f - 6 rations


   Skills:
 + Level 4.4 Fighting
 + Level 5.9 Long Blades
 + Level 5.1 Armour
 + Level 1.6 Dodging
 + Level 0.1 Stealth
 + Level 5.2 Shields


You had 5 spell levels left.
You didn't know any spells.
Your spell library was empty.

Dungeon Overview and Level Annotations

Branches:
Dungeon (4/15)
 Temple: D:4-7

Altars:
Fedhas
Hepliaklqana
Trog
Wu Jian
Yredelemnul

Shops:
D:4 !

Annotations:
D:4 Duvessa


Innate Abilities, Weirdness & Mutations

You reflexively headbutt those who attack you in melee.
You have a pair of horns on your head.


Message History

* * * LOW HITPOINT WARNING * * *
You hit Duvessa but do no damage. Duvessa hits you but does no damage.
Duvessa barely misses you. You furiously retaliate!
You headbutt Duvessa, but do no damage. You closely miss Duvessa.
Duvessa hits you but does no damage.
You hit Duvessa but do no damage. You headbutt Duvessa.
Duvessa is lightly wounded.
Duvessa barely misses you. You furiously retaliate!
You headbutt Duvessa.
You riposte.
You hit Duvessa.
Duvessa is moderately wounded.
You block Duvessa's attack.
You hit Duvessa but do no damage.
Duvessa is moderately wounded.
Duvessa hits you but does no damage.
Unknown command.
You feel very mighty all of a sudden. Duvessa hits you with a +0 rapier.
* * * LOW HITPOINT WARNING * * *
Duvessa hits you with a +0 rapier!
You die...

#..#.#####'#......######.###
#.....#....'......#.......#
#.....#....#......#.......#
#.....#....#......#.......#
#############......##...#####
................#+#####...####.
..............).#..............
..............e.'..............
..............@.#..............
................#..............
................#..........###.
................#..........# #.
................########'### #.
##.....#######.........)..####.
#..... #............##...
#...e. #.....###....##...
#..... #.....+ #....+#...


You could see Duvessa (berserk).

Vanquished Creatures
  Grinder (D:3)
  Dowan (D:4)
  A howler monkey (D:3)
  5 adders
  3 worms (D:2)
  3 dart slugs
  A leopard gecko (D:3)
  5 orcs
  5 giant cockroaches
  2 gnoll zombies (D:4)
  8 goblins
  9 hobgoblins
  5 kobolds
  2 quokkas
  A ball python (D:1)
  4 bats
  8 frilled lizards
  10 rats
74 creatures vanquished.

Notes
Turn   | Place    | Note
-------+----------+-------------------------------------------
     0 | D:1      | Peloso the Minotaur Fighter began the quest for the Orb.
     0 | D:1      | Reached XP level 1. HP: 19/19 MP: 0/0
   104 | D:1      | Reached XP level 2. HP: 26/27 MP: 1/1
   616 | D:2      | Found an ornate altar of the Wu Jian Council.
   643 | D:2      | Reached XP level 3. HP: 32/33 MP: 2/2
   644 | D:2      | Found a blossoming altar of Fedhas.
   713 | D:2      | Found a hazy altar of Hepliaklqana.
   902 | D:2      | Reached XP level 4. HP: 21/40 MP: 3/3
  1165 | D:3      | Found a bloodstained altar of Trog.
  1406 | D:3      | Noticed Grinder
  1411 | D:3      | Reached XP level 5. HP: 46/46 MP: 4/4
  1416 | D:3      | Paralysed by Grinder for 5 turns
  1423 | D:3      | Killed Grinder
  1423 | D:3      | Reached skill level 5 in Long Blades
  1423 | D:3      | Reached skill level 5 in Armour
  1423 | D:3      | Reached skill level 1 in Dodging
  1423 | D:3      | Reached skill level 5 in Shields
  1423 | D:3      | Reached XP level 6. HP: 40/53 MP: 5/5
  1584 | D:4      | Found Veif's Distillery.
  1587 | D:4      | Bought a potion of curing for 36 gold pieces
  1587 | D:4      | Bought a potion of mutation for 96 gold pieces
  1798 | D:4      | Found a basalt altar of Yredelemnul.
  1962 | D:4      | Noticed Duvessa
  1962 | D:4      | Noticed Dowan
  1986 | D:4      | Killed Dowan
  1995 | D:4      | Slain by Duvessa

Skill      XL: |  1  2  3  4  5 |
---------------+----------------+-----
Armour         | 4 5 |  5.1
Fighting       | 4 |  4.4
Shields        | 4 5 |  5.2
Long Blades    | 3 4 5 |  5.9
Dodging        | 1 |  1.6
Stealth        | |  0.1

Action                   |  1- 3 |  4- 6 || total
-------------------------+-------+-------++-------
Melee: Long sword        |    84 |    85 ||   169
       Headbutt          |    20 |    14 ||    34
  Use: Potion            |       |     3 ||     3
  Eat: Chunk             |       |     2 ||     2
Armor: Scale mail        |    41 |    26 ||    67
Dodge: Dodged            |    33 |    23 ||    56
Block: Shield            |    55 |    51 ||   106
       Rpst.: Long sword |    10 |     4 ||    14
